 Dungeon Sprint DCSS version 0.16.1-28-gcc2312f (webtiles) character file.

91 Kidiri the Caller (level 4, -6/27 HPs)
             Began as a Deep Elf Summoner on May 29, 2015.
             Mangled by a slime creature (21 damage)
             ... in the Dungeon (Sprint I: "Red Sonja").
             The game lasted 00:02:48 (371 turns).

Kidiri the Caller (Deep Elf Summoner)                Turns: 371, Time: 00:02:48

Health: -6/27      AC:  2    Str:  5    XL:     4   Next: 33%
Magic:  15/20      EV: 14    Int: 21    God:
Gold:   162        SH:  0    Dex: 15    Spells: 4 memorised, 7 levels left

rFire  . . .     SeeInvis .     h - +0 dagger
rCold  . . .     Clarity  .     a - +0 robe
rNeg   . . .     SustAb   .     (no shield)
rPois  .         Gourm    .     (no helmet)
rElec  .         Spirit   .     (no cloak)
rCorr  .         Warding  .     (no gloves)
rMut   .         NoTele   +     (no boots)
MR     .....                    (no amulet)
Stlth  ++........               (no ring)
                                (no ring)

@: not resistant to hostile enchantments, unstealthy
A: no striking features
a: no special abilities


You were in the Dungeon.
You were not hungry.

You visited 1 branch You collected 162 gold pieces.

Inventory:

Hand weapons
 h - a +0 dagger (weapon)
Armour
 a - a +0 robe (worn)
Magical devices
 j - a wand of enslavement (14)
Scrolls
 i - a scroll of blinking
Potions
 d - a potion of curing
 e - a potion of heal wounds
 f - a potion of haste
 g - 4 potions of magic
Books
 b - a book of Callings

   Spells                             Type                      Level
   a - Summon Small Mammal            Summoning                    1
   b - Call Imp                       Summoning                    2
   c - Call Canine Familiar           Summoning                    3
   d - Summon Guardian Golem          Hexes/Summoning              4
   e - Summon Lightning Spire         Summoning/Air                4
   f - Summon Ice Beast               Ice/Summoning                4
Comestibles
 c - a bread ration


   Skills:
 + Level 2.6 Fighting
 + Level 4.7 Dodging
 - Level 2.4 Stealth
 * Level 7.0 Spellcasting
 * Level 7.1 Summonings


You had 7 spell levels left.
You knew the following spells:

 Your Spells              Type           Power        Failure   Level  Hunger
a - Summon Small Mammal   Summ           ####         1%          1    None
b - Call Imp              Summ           #####...     1%          2    None
c - Call Canine Familiar  Summ           #####...     1%          3    #......
d - Summon Guardian Gole  Hex/Summ       ###.....     24%         4    ###....


Dungeon Overview and Level Annotations

Branches:
Dungeon (1/1)

Altars:
Cheibriados
Dithmenos
Fedhas
Sif Muna
Vehumet
Jiyva


Message History

This spell is slightly dangerous to cast.
Memorise Summon Guardian Golem, consuming 4 spell levels and leaving 7?
You start memorising the spell.
You continue memorising.
You continue memorising. x3
Your crimson imp hits the jelly.
Your crimson imp is burned by acid!
The jelly completely misses your crimson imp.
The jelly closely misses your white imp.
You finish memorising.
Spell assigned to 'd'.
Something barely misses your white imp.
Things that are here:
a giant club; an ogre skeleton Something barely misses your crimson imp.
There is an open door here.
Casting: Call Canine Familiar
Confirm with . or Enter, or press ? or * to list all spells.
A beastly little devil appears in a puff of flame.
The slime creature hits you!!
Ouch! That really hurt!
You die...

###################
#<.#..@J5#.J'..#__#
#.['5.#..5J.#..'^.+
#..#####'#####5#__#
#..# #..# #.# ##
#..# #### ##.# #..#
#+#..+ #⌠⌠# +...5#
#### #_.#+# ##+


You could see a slime creature, a jelly, 2 friendly crimson imps and a friendly
white imp.

Vanquished Creatures
  Ijyb (D)
1 creature vanquished.

Vanquished Creatures (collateral kills)
  An ogre (D)
  Sigmund (D)
2 creatures vanquished.

Vanquished Creatures (others)
  A gargoyle (D)
  A crimson imp (D)
  2 hounds (D)
  A bat (D)
  A quokka (D)
  3 rats (D)
9 creatures vanquished.

Grand Total: 12 creatures vanquished

Notes
Turn   | Place    | Note
--------------------------------------------------------------
     0 | D        | Kidiri, the Deep Elf Summoner, began the quest for the Orb.
     0 | D        | Reached XP level 1. HP: 10/10 MP: 5/5
     6 | D        | Noticed Ijyb
    37 | D        | Killed Ijyb
    37 | D        | Reached skill level 1 in Fighting
    37 | D        | Reached skill level 5 in Summonings
    37 | D        | Reached XP level 2. HP: 16/16 MP: 1/9
   132 | D        | Learned a level 2 spell: Call Imp
   136 | D        | Noticed an ogre
   146 | D        | Killed an ogre
   146 | D        | Reached skill level 6 in Spellcasting
   146 | D        | Reached XP level 3. HP: 19/21 MP: 2/15
   151 | D        | Learned a level 3 spell: Call Canine Familiar
   161 | D        | Killed a gargoyle
   251 | D        | Noticed Sigmund
   258 | D        | Killed Sigmund
   258 | D        | Reached skill level 7 in Spellcasting
   258 | D        | Reached XP level 4. HP: 25/27 MP: 8/20
   341 | D        | Found a deep blue altar of Sif Muna.
   342 | D        | Noticed a jelly
   343 | D        | Found a radiant altar of Vehumet.
   343 | D        | Found a viscous altar of Jiyva.
   352 | D        | Noticed a slime creature
   353 | D        | Found a blossoming altar of Fedhas.
   354 | D        | Found a snail-covered altar of Cheibriados.
   354 | D        | Found a shadowy altar of Dithmenos.
   369 | D        | Learned a level 4 spell: Summon Guardian Golem
   371 | D        | Mangled by a slime creature

Action                   |  1- 3 |  4- 6 || total
-------------------------+-------+-------++-------
Melee: Unarmed           |     6 |       ||     6
 Cast: Summon Small Mamm |     7 |     1 ||     8
       Call Imp          |     7 |     2 ||     9
       Call Canine Famil |     1 |     1 ||     2
  Use: Potion            |     1 |       ||     1
